 Dungeon Crawl Stone Soup version 0.18.1-50-g88ac8fd (webtiles) character file.

350 FutaCelestiaLover the Skirmisher (level 6, -22/51 HPs)
             Began as a Mummy Monk on Apr 29, 2017.
             Annihilated by an ogre
             ... wielding a +0 giant spiked club
              (28 damage)
             ... on level 4 of the Dungeon.
             The game lasted 00:06:50 (5521 turns).

FutaCelestiaLover the Skirmisher (Mummy Monk)       Turns: 5521, Time: 00:06:50

Health: -22/51     AC:  2    Str: 14    XL:     6   Next: 34%
Magic:  6/6        EV: 13    Int: 10    God:
Gold:   161        SH:  0    Dex: 16    Spells: 0 memorised, 5 levels left

rFire  x . .     SeeInvis .       - Unarmed
rCold  + + .     Gourm    .     (no armour)
rNeg   + + +     Faith    .     (no shield)
rPois  ∞         Spirit   .     e - +0 helmet
rElec  .         Dismiss  .     (no cloak)
rCorr  .         Reflect  .     g - +0 pair of gloves {archery}
SustAt .         Harm     .     (no boots)
MR     .....                    (no amulet)
Stlth  ++........               f - ring of protection from cold
                                (no ring)

@: not resistant to hostile enchantments, unstealthy
A: no food or potions, fire vulnerability, cold resistance 1, negative energy
resistance 3, torment resistance, unbreathing
a: no special abilities


You were on level 4 of the Dungeon.
You were not hungry.

You visited 1 branch of the dungeon, and saw 4 of its levels.

You collected 161 gold pieces.


Innate Abilities, Weirdness & Mutations

You do not eat or drink.
Your flesh is vulnerable to fire.
You are immune to poison.
Your flesh is cold resistant.
You are immune to negative energy.
You are immune to unholy pain and torment.
You can survive without breathing.


   Skills:
 - Level 5.1 Fighting
 + Level 3.0 Dodging
 - Level 1.5 Stealth
 - Level 5.0 Unarmed Combat


You had 5 spell levels left.
You didn't know any spells.

Inventory:

Armour
 e - a +0 helmet (worn)
 g - a +0 pair of gloves of archery (worn)
Jewellery
 f - a ring of protection from cold (right hand)
 i - an uncursed amulet of guardian spirit {unknown}
Scrolls
 a - a scroll of immolation {unknown}
 b - a scroll of teleportation {unknown}
 c - a scroll of noise {unknown}
 d - a scroll of blinking {unknown}
 h - a scroll of amnesia {unknown}
 j - a scroll of remove curse {unknown}

Dungeon Overview and Level Annotations

Branches:
Dungeon (4/15)
 Temple: D:4-7

Altars:
Dithmenos
Makhleb
Nemelex Xobeh
Okawaru
Xom

Annotations:
D:3 magog001's ghost, amateur MiHu

..▒ ▒▒▒... ▒▒▒▒▒ ..▒
▒.....▒▒..£▒▒..▒
▒.....▒..8..▒..
▒.............
▒.....▒....▒.▒▒▒▒▒▒▒▒
▒..........▒.▒......▒▒▒
▒.........>............
▒.....M....▒.▒.........
▒....l▒O...▒.▒.........
▒.=........▒.▒▒▒▒▒▒▒...
▒.....▒▒▒▒.▒O▒ ▒...
▒▒▒▒▒▒▒ ▒.▒.▒▒▒▒▒(....
▒.............
▒▒▒+▒▒▒▒▒....▒


You could see an ogre and a giant gecko.


Message History

You regained 2 hp, and now have 30/51 hp!
A worker ant is nearby!!!
You swing at nothing!
You squash the worker ant like the proverbial ant!!!
The worker ant is heavily wounded!
The worker ant closely misses you!
You squash the worker ant like the proverbial ant!!!
You annihilate the worker ant!!!
Your Dodging skill increases to level 3!!!
You swing at nothing!
You swing at nothing!
You swing at nothing!
You see here a worker ant corpse!
Found a stone staircase leading down!
Marking area around the ogre as unsafe for travelling!
An ogre comes into view! It is wielding a giant spiked club!
Found 16 gold pieces!
You hear the brisk hiss of a very distant avalanche of sand!
The ogre hits you with a giant spiked club!!!!!!
DANG * * * don't die
* * * You take 31 damage, and have 4/51 hp!
MASSIVE DAMAGE!!!!!!
Found 5 large rocks!
A giant gecko comes into view!
The ogre shouts!!!
There is a stone staircase leading down here!
Found a large opal ring!
The ogre hits you with a giant spiked club!!!!!!
DANG rip

Action                   |  1- 3 |  4- 6 || total
-------------------------+-------+-------++-------
Melee: Unarmed           |   142 |   224 ||   366
       Punch             |     2 |     3 ||     5
 Stab: Sleeping          |     4 |     4 ||     8
Armor: Skin              |     2 |    23 ||    25
Dodge: Dodged            |    67 |   150 ||   217

Vault maps used:
D:1:      dpeg_arrival_water_fire, xom_teletrap_fun
D:2:      nemelex_deck, old_standard_altar, nicolae_overflow_hidden_temple,
          makhleb_altar_promises_db, uniq_robin
D:4:      minmay_temple_entry_overgrown, enter_ossuary_2,
          mrwooster_statue_mirror

Notes
Turn   | Place    | Note
--------------------------------------------------------------
     0 | D:1      | FutaCelestiaLover the Mummy Monk began the quest for the Orb.
     0 | D:1      | Reached XP level 1. HP: 18/18 MP: 1/1
   335 | D:1      | Found a shimmering altar of Xom.
   353 | D:1      | Reached XP level 2. HP: 24/24 MP: 2/2
   944 | D:1      | Reached skill level 4 in Unarmed Combat
  1457 | D:2      | Noticed Robin
  1490 | D:1      | Reached XP level 3. HP: 8/29 MP: 3/3
  1834 | D:1      | Killed Robin
  2170 | D:2      | Found a burning altar of Makhleb.
  2261 | D:2      | Found an iron altar of Okawaru.
  2308 | D:2      | Found a shadowy altar of Dithmenos.
  2730 | D:2      | Reached XP level 4. HP: 30/35 MP: 4/4
  3074 | D:2      | Found a sparkling altar of Nemelex Xobeh.
  3528 | D:3      | Reached skill level 5 in Unarmed Combat
  3810 | D:3      | Noticed magog001's ghost (amateur MiHu)
  4202 | D:3      | Reached XP level 5. HP: 26/42 MP: 5/5
  4365 | D:3      | Reached skill level 4 in Fighting
  5189 | D:3      | Reached skill level 5 in Fighting
  5189 | D:3      | Reached XP level 6. HP: 18/51 MP: 6/6
  5485 | D:4      | Reached skill level 3 in Dodging
  5508 | D:4      | HP: 4/51 [ogre/giant spiked club (31)]
  5521 | D:4      | Annihilated by an ogre

Vanquished Creatures
  A big kobold (D:3)
  2 orc wizards (D:3)
  An orc priest (D:4)
  A worker ant (D:4)
  Robin (D:1)
  4 adders
  2 oozes
  3 worms
  6 dart slugs
  2 giant geckos (D:2)
  13 orcs
  3 giant cockroaches
  10 goblins
  8 hobgoblins
  7 jackals
  A quokka (D:3)
  3 ball pythons
  5 bats
  3 giant newts
  5 kobolds
  7 rats
88 creatures vanquished.
